 Dungeon Crawl Stone Soup version 0.17-a0-1805-g6093636 (webtiles) character file.

92 Neuromancien059 the Ducker (level 4, -1/66 HPs)
             Began as a Troll Berserker on Sept 12, 2015.
             Was a Believer of Trog.
             Slain by a gnoll
             ... wielding a +0 spear
              (9 damage)
             ... on level 3 of the Dungeon.
             The game lasted 00:18:57 (1760 turns).

Neuromancien059 the Ducker (Troll Berserker)        Turns: 1760, Time: 00:18:57

Health: -1/66      AC:  5    Str: 30    XL:     4   Next: 35%
Magic:  3/3        EV: 10    Int:  3    God:    Trog [**....]
Gold:   140        SH:  0    Dex: 10    Spells: 0 memorised, 3 levels left

rFire  . . .     SeeInvis .     a - +0 mace
rCold  . . .     Clarity  .     b - +0 animal skin
rNeg   . . .     SustAt   .     (no shield)
rPois  .         Gourm    +     (helmet restricted)
rElec  .         Spirit   .     (no cloak)
rCorr  .         Warding  .     (gloves unavailable)
rMut   .         Stasis   .     (boots unavailable)
MR     ++...                    (no amulet)
Stlth  ..........               (no ring)
                                (no ring)

@: mighty, berserking, regenerating, very quick, very resistant to hostile
enchantments, extremely unstealthy
A: unfitting armour, claws 3, fast metabolism 3, gourmand, regeneration 2,
shaggy fur 1, tough skin 2
a: Burn Spellbooks, Berserk, Trog's Hand, Renounce Religion


You were on level 3 of the Dungeon.
You worshipped Trog.
Trog was pleased with you.
You were hungry.

You visited 1 branch of the dungeon, and saw 3 of its levels.

You collected 140 gold pieces.

Inventory:

Hand weapons
 a - a +0 mace (weapon)
Armour
 b - a +0 animal skin (worn)
Jewellery
 d - a +3 ring of intelligence {unknown}
Scrolls
 e - 5 scrolls of identify {unknown}
 f - 2 scrolls of amnesia {unknown}
 h - a scroll of teleportation {unknown}
 j - 2 scrolls of fear {unknown}
Comestibles
 c - 5 bread rations
 i - 4 chunks of flesh
 k - 4 fruits


   Skills:
 + Level 2.8 Fighting
 + Level 3.2 Maces & Flails
 + Level 3.5 Dodging
 + Level 0.2 Stealth


You had 3 spell levels left.
You didn't know any spells.

Dungeon Overview and Level Annotations

Branches:
Dungeon (3/15)

Altars:


Innate Abilities, Weirdness & Mutations

You are too large for most types of armour.
You have claws for hands.
Your metabolism is lightning-fast.
You like to eat raw meat.
You heal very quickly.
You are covered in fur (AC +1).
You have very tough skin (AC +2).


Message History

The gnoll hits you with a vampiric whip.
* * * LOW HITPOINT WARNING * * *
The gnoll hits you but does no damage.
You continue eating.
The gnoll hits you but does no damage.
The gnoll hits you from afar with a spear.
* * * LOW HITPOINT WARNING * * *
Use which ability?
A red film seems to cover your vision as you go berserk!
You feel yourself moving faster!
You feel mighty!
You are feeling hungry.
You feel the effects of Trog's Hand fading.
The gnoll barely misses you. x2
You sock the gnoll!
The gnoll is almost dead.
The gnoll barely misses you.
You closely miss the gnoll.
The gnoll is almost dead.
The gnoll hits you from afar with a spear!
You die...

######### ##### #.......#
#...##### #.#...#.###........
#.......##....#####
#..........#### #.......#### #
#.......# ### ##......# #.. ####
#@#.##.# #.# #%..
###g#.##.####### #.# ####...#####
#..g...>.#....(# #>#
...........###.#......#.....# #.#
............)........<......###.#
........(..#.###......#.....#..).
##.#..)#.###.####.....#.....#.#.#
#...#.# #.##....##########.#..
#..?... #.##.##.# #.###


You could see 2 gnolls.

Vanquished Creatures
  3 adders
  A gnoll (D:3)
  2 giant geckos
  14 bats
  4 giant cockroaches
  8 goblins
  A hobgoblin (D:1)
  2 quokkas (D:2)
  4 ball pythons
  3 giant newts
  6 kobolds
  7 rats
55 creatures vanquished.

Notes
Turn   | Place    | Note
--------------------------------------------------------------
     0 | D:1      | Neuromancien059 the Troll Berserker began the quest for the Orb.
     0 | D:1      | Reached XP level 1. HP: 22/22 MP: 0/0
   117 | D:1      | Reached XP level 2. HP: 25/29 MP: 1/1
   186 | D:1      | Reached skill level 3 in Maces & Flails
   670 | D:2      | Acquired Trog's second power
   845 | D:2      | Reached XP level 3. HP: 32/36 MP: 2/2
  1648 | D:3      | Reached XP level 4. HP: 34/44 MP: 3/3
  1760 | D:3      | Slain by a gnoll

Vault maps used:
D:1:      lemuel_arrival_cross, minmay_close_crescents
D:2:      roderic_bali_sauvastika
D:3:      makhleb_heckhound_becter, first_bread

Action                   |  1- 3 |  4- 6 || total
-------------------------+-------+-------++-------
Melee: Mace              |   130 |    29 ||   159
Invok: Berserk           |       |     1 ||     1
       Trog's Hand       |       |     1 ||     1
  Use: Potion            |       |     2 ||     2
 Stab: Sleeping          |     1 |       ||     1
  Eat: Chunk             |     5 |     1 ||     6
       Meat ration       |     1 |       ||     1
       Fruit             |     3 |       ||     3
